 Dungeon Crawl Stone Soup version 0.30-a0-358-g0d69a1922f (webtiles) character file.

Game seed: 5979127223850287120

1621 mopl the Conjurer (level 8, -2/57 HPs)
             Began as a White Draconian Fire Elementalist on Nov 10, 2022.
             Was a Follower of Vehumet.
             Slain by a yak (11 damage)
             ... on level 8 of the Dungeon.
             The game lasted 00:15:22 (5705 turns).

mopl the Conjurer (DrFE)                            Turns: 5705, Time: 00:15:22

Health: -2/57      AC:  8    Str: 10    XL:     8   Next: 64%
Magic:  12/18      EV: 12    Int: 18    God:    Vehumet [*.....]
Gold:   143        SH:  0    Dex: 12    Spells: 7/20 levels left

rFire   + . .      SeeInvis .    a - staff of cold
rCold   + + .      Faith    .    (no shield)
rNeg    . . .      Spirit   .    (body armour unavailable)
rPois   .          Reflect  .    (helmet restricted)
rElec   .          Harm     .    (no cloak)
rCorr   .          Rampage  .    z - +0 pair of gloves
Will    .....                    x - +0 pair of boots
Stlth   ++........               (no amulet)
HPRegen 0.29/turn                e - ring of protection from fire
MPRegen 0.16/turn                (no ring)

@: short of breath
A: breathe frost, AC +6, unfitting armour, cold resistance 1, cold-blooded
a: Breathe Frost, Renounce Religion


You were on level 8 of the Dungeon.
You worshipped Vehumet.
Vehumet was aware of your devotion.
You visited 1 branch of the dungeon, and saw 9 of its levels.
You also visited: Sewer.

You collected 297 gold pieces.
You spent 154 gold pieces at shops.

Inventory:

Hand Weapons
 b - a +1 dagger of venom
 u - a +1 trident of venom
Missiles
 p - 5 poisoned darts
Armour
 x - a +0 pair of boots (worn)
 z - a +0 pair of gloves (worn)
Magical Staves
 a - a staff of cold (weapon)
 y - a staff of conjuration
Jewellery
 e - a ring of protection from fire (left hand)
Wands
 n - a wand of mindburst (7)
Scrolls
 d - 2 scrolls of fog {unknown}
 f - a scroll of vulnerability {unknown}
 g - 3 scrolls of summoning {unknown}
 j - 2 scrolls of poison
 l - a scroll of enchant armour {unknown}
 m - 4 scrolls of blinking {unknown}
 q - 2 scrolls of teleportation
 r - 2 scrolls of magic mapping {unknown}
 s - a scroll of silence {unknown}
 t - a scroll of amnesia
 v - 2 scrolls of identify
 w - 2 scrolls of torment {unknown}
Potions
 c - a potion of magic
 h - 4 potions of curing
 i - 6 potions of flight
 k - 2 potions of mutation {!q}
 o - 2 potions of brilliance


   Skills:
 - Level 1.7 Dodging
 - Level 1.7 Stealth
 + Level 6.9 Spellcasting
 + Level 7.2 Conjurations
 - Level 3.0 Translocations
 - Level 2.4 Fire Magic
 * Level 0.8 Ice Magic
 + Level 0.3 Air Magic
 + Level 1.8 Evocations


You had 7 spell levels left.
You knew the following spells:

 Your Spells              Type           Power      Damage    Failure   Level
a - Foxfire               Conj/Fire      92%        2x1d8     1%          1
b - Scorch                Fire           28%        2d6       6%          2
c - Kindle Blastsparks    Fire/Tloc/Air  26%        2d12      16%         3
d - Freezing Cloud        Conj/Ice/Air   12%        6-21      67%         5
e - Blink                 Tloc           34%        N/A       4%          2

Your spell library contained the following spells:

 Spells                   Type           Power      Damage    Failure   Level
 Shock                    Conj/Air       76%        1d7       2%          1
 Magic Dart               Conj           100%       1d8       1%          1
 Beastly Appendage        Tmut           12%        N/A       11%         1
 Mephitic Cloud           Conj/Pois/Air  15%        N/A       12%         3
 Flame Wave               Conj/Fire      23%        2d8       16%         4
 Call Imp                 Summ           6%         N/A       17%         2
 Wereblood                Tmut           6%         N/A       17%         2
 Inner Flame              Hex/Fire       10%        N/A       21%         3
 Ignite Poison            Fire/Tmut/Pois 9%         N/A       24%         3
 Spider Form              Tmut/Pois      6%         N/A       32%         3
 Manifold Assault         Tloc           17%        N/A       32%         4
 Dispersal                Tloc           8%         N/A       99%         6
 Storm Form               Tmut/Air       3%         N/A       100%        7
 Disjunction              Tloc           8%         N/A       100%        8


Dungeon Overview and Level Annotations

Branches:
Dungeon (9/15)             Temple (0/1) D:6           Sewer (visited)
   Lair: D:8-11         Orc: D:9-12

Altars:
Ashenzari
Dithmenos
Elyvilon
Hepliaklqana
Nemelex Xobeh
Qazlal
Ru
Sif Muna
Uskayaw
Vehumet
Xom
Zin

Shops:
D:3 (   D:5 *(

Annotations:
D:4 dig
D:7 Duvessa, Maggie, Pikel


Innate Abilities, Weirdness & Mutations

You can breathe waves of freezing cold which knock back foes.
Your icy white scales are hard. (AC +6)
You cannot fit into any form of body armour.
Your flesh is cold resistant. (rC+)
You are cold-blooded and may be slowed by cold attacks.


Message History

You can't do that yet.
The yak attacks as you move away! The yak barely misses you.
The yak attacks as you move away! The yak gores you!
* * * LOW HITPOINT WARNING * * *
You have got your breath back.
Aiming: Breathe Frost (4% risk of failure)
Press: ? - help, Shift-Dir - straight line, f - yak
Aim: a yak (moderately wounded, 81% to hit)
You exhale a wave of freezing cold.
The freezing breath hits the yak!
The yak is heavily wounded.
The freezing breath hits the yak!
The yak is severely wounded.
The yak is blown backwards by the freezing wind.
The yak collides with the yak!
The yak is lightly wounded.
The freezing breath hits the yak!
The yak is moderately wounded.
The yak gores you.
* * * LOW HITPOINT WARNING * * *
Magic courses through your body. The yak barely misses you.
You are too injured to fight recklessly!
Casting: Scorch (safe; 6% risk of failure)
Confirm with . or Enter, or press ? or * to list all spells.
Flames lash the yak.
The yak is moderately wounded.
The yak's fire resistance burns away.
The yak barely misses you.
Unknown command.
Casting: Scorch (safe; 6% risk of failure)
Confirm with . or Enter, or press ? or * to list all spells.
Flames lash the yak.
The yak is lightly wounded.
The yak's fire resistance burns away.
The yak barely misses you.
Unknown command.
Unknown command.
Casting: Scorch (safe; 6% risk of failure)
Confirm with . or Enter, or press ? or * to list all spells.
Flames lash the yak.
The yak is almost dead.
The yak's fire resistance burns away.
The yak gores you!
You die...

#.# ###
#####............
#.# ..
..............#
#.# .#
######....<..#.#
#.##.###
#...YYY.<..#.# #
#......#
#Y####Y#...#...
#......####Y#
#.###.#.#..Y
#[........YY# #.#
#.#....#<
###.....####Y#
#.# #.### ...
#.......# #@# #.#
#.. .. #.#######
#.# #.# ### ##
#.# #.. #.# #.#
#... #.# ##...
###.######## #.##
#........... .#
#...#######. ##
#...#


You could see 5 yaks.

Vanquished Creatures
  A sky beast (D:6)
  3 ogres
  2 lemures (D:8)
  A gnoll sergeant (D:6)
  A necrophage (D:6)
  3 scorpions
  2 jellies
  5 hounds
  3 orc priests
  2 gnoll boudas (D:6)
  3 iguanas
  Terence (D:3)
  2 orc wizards
  17 gnolls
  10 adders
  8 river rats
  An ufetubus (D:4)
  3 worms
  5 dart slugs
  16 orcs
  9 bats
  4 endoplasms
  6 giant cockroaches
  7 goblins
  9 hobgoblins
  4 jackals
  3 quokkas
  8 ball pythons
  2 frilled lizards (D:2)
  5 kobolds
  9 rats
155 creatures vanquished.

Vanquished Creatures (others)
  6 foxfires (D:1)
6 creatures vanquished.

Grand Total: 161 creatures vanquished

Notes
Turn   | Place    | Note
-------+----------+-------------------------------------------
     0 | D:1      | mopl the Draconian Fire Elementalist began the quest for
                  | the Orb.
     0 | D:1      | Reached XP level 1. HP: 14/14 MP: 3/3
   126 | D:1      | Reached XP level 2. HP: 20/20 MP: 5/5
   129 | D:1      | Learned a level 2 spell: Scorch
   254 | D:1      | Reached skill level 2 in Conjurations
   432 | D:1      | Reached XP level 3. HP: 26/26 MP: 4/7
   461 | D:1      | Learned a level 3 spell: Kindle Blastsparks
   748 | D:2      | Found a faded altar of an unknown god.
  1098 | D:2      | Reached skill level 3 in Spellcasting
  1254 | D:2      | Reached skill level 1 in Translocations
  1346 | D:2      | Reached XP level 4. HP: 33/33 MP: 5/8
  1582 | D:3      | Reached skill level 3 in Conjurations
  1607 | D:3      | Reached XP level 5. HP: 33/38 MP: 3/10
  1615 | D:3      | Reached skill level 2 in Translocations
  1737 | D:3      | Found Gaptein's Weapon Emporium.
  1963 | D:3      | Noticed Terence
  2106 | D:3      | Killed Terence
  2264 | D:4      | Reached XP level 6. HP: 42/45 MP: 7/11
  2340 | D:4      | Found a glowing silver altar of Zin.
  2381 | D:4      | Found a sacrificial altar of Ru.
  2459 | D:4      | Reached skill level 4 in Spellcasting
  2641 | D:4      | Identified the +3 leather armour of Hedonism {rCorr Int+2
                  | Slay+2}
  2711 | D:4      | Reached skill level 3 in Translocations
  2739 | D:4      | Found a hazy altar of Hepliaklqana.
  2786 | D:5      | Entered Level 5 of the Dungeon
  2786 | D:5      | Found Dyomasau's General Store.
  2817 | D:5      | Bought a scroll of poison for 56 gold pieces
  2817 | D:5      | Bought a scroll of amnesia for 56 gold pieces
  2817 | D:5      | Bought a scroll of noise for 14 gold pieces
  2817 | D:5      | Bought a scroll of identify for 28 gold pieces
  2835 | D:5      | Reached skill level 4 in Conjurations
  2858 | D:5      | Found a shimmering blue altar of Sif Muna.
  3004 | D:5      | Found a white marble altar of Elyvilon.
  3198 | D:5      | Your scales start taking on an icy white colour.
  3198 | D:5      | Reduced skill Fire Magic to level 2
  3198 | D:5      | Reached XP level 7. HP: 50/50 MP: 10/13
  3198 | D:5      | Gained mutation: Your flesh is cold resistant. (rC+) [White
                  | Draconian growth]
  3429 | D:5      | Reached skill level 5 in Spellcasting
  3429 | D:5      | Reached skill level 5 in Conjurations
  3597 | D:5      | Found Usmis's Weapon Shoppe.
  3710 | D:6      | Found a sparkling altar of Nemelex Xobeh.
  3786 | D:6      | Found a shadowy altar of Dithmenos.
  3796 | D:6      | Reached skill level 6 in Conjurations
  3799 | D:6      | Learned a level 2 spell: Blink
  3817 | D:6      | Reached XP level 8. HP: 55/57 MP: 13/16
  3858 | D:6      | Reached skill level 6 in Spellcasting
  4004 | D:6      | Found a radiant altar of Vehumet.
  4007 | D:6      | Became a worshipper of Vehumet
  4154 | D:6      | Found a glowing drain.
  4161 | Sewer    | Entered a sewer
  4332 | Sewer    | Reached * piety under Vehumet
  4332 | Sewer    | Offered knowledge of Shock by Vehumet.
  4858 | D:6      | Identified a scroll of acquirement
  4859 | D:6      | Acquired a staff of conjuration
  4950 | D:6      | Reached skill level 7 in Conjurations
  4950 | D:6      | Reached skill level 1 in Evocations
  5132 | D:6      | Found a staircase to the Ecumenical Temple.
  5148 | D:6      | Learned a level 5 spell: Freezing Cloud
  5495 | D:7      | Noticed Duvessa
  5495 | D:7      | Noticed Maggie
  5512 | D:7      | Found a stormy altar of Qazlal.
  5512 | D:7      | You fall into a shaft and drop 2 floors!
  5515 | D:8      | Found a shimmering altar of Xom.
  5526 | D:8      | Found a broken altar of Ashenzari.
  5532 | D:8      | Identified the +0 robe "Jawniy" {Regen+}
  5579 | D:8      | Noticed a +0 hand axe
  5579 | D:8      | Noticed a +0 hand axe
  5580 | D:8      | Found a hide-covered altar of Uskayaw.
  5664 | D:7      | Noticed Pikel
  5705 | D:8      | Slain by a yak

Illustrated notes

Levels and vault maps discovered:
D:1:      giann_horns, layout_basic
D:2:      layout_loops_corners, chequers_ecumenical_altar_twisty,
          kennysheep_generic_room_10
D:3:      layout_basic, serial_shops, shop, bh_walls_and_bars, uniq_terence
D:4:      layout_basic, general_overflow_altar,
          nicolae_hepliaklqana_hippocampus, zin_treasury, kennysheep_crisscross
D:5:      layout_gridville, nicolae_sif_muna_condensation,
          nicolae_elyvilon_peaceful_grove, serial_shops, nicolae_stop_n_shop_1,
          shop, chequers_mini_garden, minmay_misc_feat_tiny
D:6:      layout_loops_ring, mainiacjoe_overflow_catwalk, kennysheep_mini_moat,
          nemelex_dance_club_becter, temple_green, lightli_sewer_entry_pipes
D:7:      layout_rooms, nicolae_qazlal_scattered_showers, fedhas_altar_2,
          serial_shops, nicolae_shop_crystal, roderic_lattice_a,
          nrook_pool_corridor, grunt_decor_junction, uniq_crazy_yiuf_cottage,
          uniq_pikel, uniq_duvessa, uniq_maggie
D:8:      layout_loops_ring, mainiacjoe_overflow_six_doors_small,
          amcnicky_altar_gilded, dancing_weapons_uskayaw, serial_shops,
          nicolae_shop_trees
D:9:      cheibrodos_helix_gallery, layout_loops_ring, lightli_temple_of_fire

Skill      XL: |  1  2  3  4  5  6  7  8 |
---------------+-------------------------+-----
Conjurations   | 2 3 4 6 7 |  7.2
Spellcasting   | 3 4 5 6 |  6.9
Translocations | 1 2 3 |  3.0
Fire Magic     | 2 |  2.4
Evocations     | 1 |  1.8
Dodging        | |  1.7
Stealth        | |  1.7
Ice Magic      | |  0.8
Air Magic      | |  0.3

Action                   |  1- 3 |  4- 6 |  7- 9 || total
-------------------------+-------+-------+-------++-------
Melee: Dagger            |    31 |    85 |   111 ||   227
       Unarmed           |     5 |       |       ||     5
       Tailslap          |     4 |    14 |    17 ||    35
       Staff             |       |       |    20 ||    20
 Cast: Foxfire           |     4 |       |       ||     4
       Scorch            |    24 |    57 |   105 ||   186
 Abil: Breathe Frost     |       |       |    10 ||    10
Evoke: Wand              |       |       |     2 ||     2
  Use: Scroll            |       |     6 |     3 ||     9
       Potion            |       |     1 |     1 ||     2
 Stab: Sleeping          |     2 |     1 |     1 ||     4
Armor: Skin              |    16 |    36 |    67 ||   119
Dodge: Dodged            |    30 |    54 |   139 ||   223

Table legend: (Time is in decaauts)
 A = Elapsed time spent in this place.
 B = Non-inter-level travel time spent in this place.
 C = Inter-level travel time spent in this place.
 D = Time resting spent in this place.
 E = Time spent auto-exploring this place.
 F = Levels seen in this place.
 G = Mean time per level.
                   A        B        C        D        E       F      G
               +--------+--------+--------+--------+--------+-----+--------+
         Total |   5893 |   5640 |    253 |    487 |   3574 |  10 |  589.3 |
       Dungeon |   5054 |   4801 |    253 |    313 |   3102 |   9 |  561.6 |
         Sewer |    839 |    839 |      0 |    174 |    472 |   1 |  839.0 |
               +--------+--------+--------+--------+--------+-----+--------+

Top non-repeatable levels by time:
     D:6: 1138 daAuts
   Sewer: 839 daAuts
     D:5: 806 daAuts
     D:2: 779 daAuts
     D:1: 732 daAuts
     D:4: 729 daAuts
     D:3: 670 daAuts
     D:8: 186 daAuts
     D:7: 7 daAuts
     D:9: 2 daAuts
